 Dungeon Crawl Stone Soup version 0.17-a0-1528-gfee3901 (webtiles) character file.

317 hexophile the Poker (level 6, -2/47 HPs)
             Began as a Mummy Fighter on July 15, 2015.
             Killed from afar by an orc wizard (15 damage)
             ... with a puff of flame
             ... on level 4 of the Dungeon.
             The game lasted 00:08:05 (4648 turns).

hexophile the Poker (Mummy Fighter)                 Turns: 4648, Time: 00:08:05

Health: -2/47      AC:  7    Str: 19    XL:     6   Next: 20%
Magic:  6/6        EV:  7    Int: 10    God:
Gold:   49         SH:  8    Dex: 11    Spells: 0 memorised, 5 levels left

rFire  x . .     SeeInvis .     a - +1 trident
rCold  + . .     Clarity  .     b - +0 scale mail
rNeg   + + +     SustAt   .     c - +0 shield
rPois  ∞         Gourm    .     (no helmet)
rElec  .         Spirit   .     (no cloak)
rCorr  .         Warding  .     q - +0 pair of gloves
rMut   .         Stasis   +     (no boots)
MR     .....                    f - amulet of stasis
Stlth  +.........               (no ring)
                                j - ring of stealth

@: not resistant to hostile enchantments, very unstealthy
A: no food or potions, fire vulnerability, cold resistance 1, negative energy
resistance 3, torment resistance, unbreathing
a: no special abilities


You were on level 4 of the Dungeon.
You were not hungry.

You visited 1 branch of the dungeon, and saw 4 of its levels.

You collected 179 gold pieces.
You spent 130 gold pieces at shops.

Inventory:

Hand weapons
 a - a +1 trident (weapon)
Armour
 b - a +0 scale mail (worn)
 c - a +0 shield (worn)
 q - a +0 pair of gloves (worn)
Jewellery
 f - an amulet of stasis (around neck)
 g - an uncursed ring of wizardry {unknown}
 i - an uncursed amulet of regeneration {unknown}
 j - a ring of stealth (left hand)
Magical devices
 e - a wand of paralysis (7)
 m - a wand of lightning (7)
Scrolls
 d - a scroll of immolation
 h - a scroll of identify
 l - 4 scrolls of remove curse
 o - 2 scrolls of fear


   Skills:
 - Level 3.0 Fighting
 + Level 5.5 Polearms
 - Level 2.4 Armour
 - Level 2.4 Shields


You had 5 spell levels left.
You didn't know any spells.

Dungeon Overview and Level Annotations

Branches:
Dungeon (4/15)
 Temple: D:4-7

Altars:
Dithmenos
Ru
Vehumet

Shops:
D:4 }


Innate Abilities, Weirdness & Mutations

You do not eat or drink.
Your flesh is vulnerable to fire.
You are immune to poison.
Your flesh is cold resistant.
You are immune to negative energy.
You are immune to unholy pain and torment.
You can survive without breathing.


Message History

* * * LOW HITPOINT WARNING * * *
Something hits you but does no damage. You block the iguana's attack.
You are too injured to fight recklessly!
You are too injured to fight recklessly!
You are too injured to fight recklessly!
You are too injured to fight recklessly!
You are too injured to fight recklessly!
Unknown command.
Attack whom?
Press: ? - help, Dir - move target cursor, f - iguana
Aim: an iguana
Okay, then.
Evoke which item? (* to show all) (? for menu, Esc to quit)
Zapping:
e - a wand of paralysis (8)
Press: ? - help, Shift-Dir - straight line Nothing appears to happen.
This wand has 7 charges left.
You hear some strange, mumbled words.
A puff of flame appears from out of thin air!
The puff of flame hits you! The fire burns you terribly!
You die...

.... .... ......#
####....
#......###.....#
#.............#
#............#
.............#
........)...#
........).).#########
......l@{...........##
..................)..#
######.......######..#
##.....## #..#
##.....# #..# #...#..#
#..# #...##..# ##.#
...####.. #..# #..#


You could see an iguana.

Vanquished Creatures
  A hound (D:4)
  3 orc wizards
  A giant frog skeleton (D:4)
  Natasha (D:3)
  A worker ant (D:3)
  2 adders
  3 worms
  5 giant geckos
  10 orcs
  9 bats
  2 giant cockroaches
  9 goblins
  6 hobgoblins
  14 kobolds
  3 quokkas
  A giant newt (D:1)
  11 rats
82 creatures vanquished.

Notes
Turn   | Place    | Note
--------------------------------------------------------------
     0 | D:1      | hexophile the Mummy Fighter began the quest for the Orb.
     0 | D:1      | Reached XP level 1. HP: 18/18 MP: 1/1
    87 | D:1      | Reached XP level 2. HP: 24/24 MP: 2/2
  1047 | D:2      | Found a sacrificial altar of Ru.
  1085 | D:2      | Reached XP level 3. HP: 19/29 MP: 3/3
  2349 | D:3      | Reached XP level 4. HP: 6/35 MP: 4/4
  2804 | D:3      | Found a shadowy altar of Dithmenos.
  2925 | D:3      | Noticed Natasha
  2938 | D:3      | Killed Natasha
  2938 | D:3      | Reached skill level 4 in Polearms
  3416 | D:3      | Reached XP level 5. HP: 11/41 MP: 5/5
  4242 | D:4      | Found Saoval's Gadget Emporium.
  4250 | D:4      | Bought a wand of paralysis (8) for 130 gold pieces
  4345 | D:4      | Reached skill level 5 in Polearms
  4347 | D:4      | Found a radiant altar of Vehumet.
  4636 | D:4      | Reached XP level 6. HP: 33/47 MP: 6/6
  4648 | D:4      | Killed from afar by an orc wizard

Vault maps used:
D:1:      dpeg_arrival_pond
D:2:      nicolae_ru_the_path_less_chosen
D:3:      grunt_dithmenos_smoke_and_mirrors, first_bread, uniq_natasha
D:4:      kennysheep_little_box, vehumet_altar_wand_db, tgw_trog, serial_shops,
          shop, kennysheep_doodads

Action                   |  1- 3 |  4- 6 || total
-------------------------+-------+-------++-------
Melee: Trident           |   189 |   180 ||   369
Evoke: Wand              |       |     5 ||     5
  Use: Scroll            |       |    10 ||    10
